Map: Stasis LE

Players

TimeyWimey - Winner!

  • Race: Zerg Zerg
  • League: Master
  • Spawn Location: 1:00

PiNkUniCORN

  • Race: Protoss Protoss
  • League: Diamond
  • Spawn Location: 11:00

VOD

Have the link to the VOD?

Description

Time

  • Played on: Jan. 5, 2019, 6:17 p.m.
  • Length: 5:14
Show
View Real Time Build Order
Export as new Build Order

TimeyWimey Zerg - Winner!

Build Orders: Hatch First, Zergling Baneling 

Get SALT Encoding   

  12  0:01  Drone  
  13  0:13  Overlord  
  13  0:20  Drone  
  14  0:33  Drone x2  
  16  0:51  Hatchery  
  16  0:53  Drone  
  16  0:59  Drone  
  17  1:13  Drone  
  17  1:14  Extractor  
  17  1:17  Spawning Pool  
  16  1:40  Drone x2  
  16  1:41  Drone  
  19  1:59  Overlord  
  19  2:06  Queen x2  
  19  2:07  Zergling x2  
  24  2:10  Zergling x2  
  25  2:17  Metabolic Boost  
  25  2:28  Zergling x4  
  25  2:29  Zergling x2  
  28  2:44  Baneling Nest  
  28  2:46  Zergling x6  
  30  2:52  Zergling x2  
  30  2:53  Zergling x2  
  32  2:59  Overlord  
  32  3:23  Zergling x8  
  32  3:24  Zergling x6  
  39  3:42  Baneling x3  
  39  3:43  Baneling x2  
  39  3:44  Baneling  
  38  3:57  Zergling x2  
  38  3:58  Zergling x10  
  44  4:04  Baneling x2  
  38  4:25  Zergling x12  
  42  4:40  Zergling x4  
  44  4:56  Zergling x2  
Show
View Real Time Build Order
Export as new Build Order

PiNkUniCORN Protoss 

Build Orders: 1 Gate Expand, Phoenix Opening 

Get SALT Encoding   

  12  0:00  Probe  
  13  0:12  Probe  
  14  0:19  Pylon  
  14  0:25  Probe  
  15  0:38  Probe  
  16  0:43  Gateway  
  16  0:46  Probe  
  16  0:54  Probe  
  18  1:10  Probe  
  19  1:21  Nexus  
  20  1:29  Assimilator  
  19  1:40  Cybernetics Core  
  19  1:42  Probe  
  19  1:46  Pylon  
  20  1:53  Probe  
  20  1:54  Assimilator  
  20  2:01  Probe  
  22  2:09  Probe  
  22  2:12  Adept  
  23  2:18  Warp Gate  
  25  2:23  Probe  
  26  2:31  Probe  
  26  2:32  Pylon  
  26  2:33  Probe  
  28  2:38  Adept  
  30  2:45  Probe x2  
  32  2:57  Probe, Stargate  
  32  2:58  Probe  
  34  3:09  Probe  
  34  3:11  Zealot  
  37  3:13  Probe  
  38  3:22  Stargate  
  38  3:26  Probe x2  
  38  3:34  Probe x2, Assimilator  
  40  3:35  Assimilator  
  42  3:42  Probe x2  
  42  3:46  Phoenix  
  39  4:27  Zealot  
  32  4:49  Pylon  
Tags
 
Add a new tag
Caveats
  • Supply blocks, unpowered buildings, or Contaminate may cause inaccurate times.
  • Supply counts are checked every 10 seconds.